 Dungeon Crawl Stone Soup version 0.30-a0-42-g806c11bf1d (webtiles) character file.

Game seed: 7546547299964453662

26636 Newt the Slicer (level 13, -20/102 HPs)
             Began as a Demonspawn Gladiator on Aug 30, 2022.
             Was an Initiate of Gozag.
             Demolished by a white ugly thing (27 damage)
             ... on level 14 of the Dungeon.
             The game lasted 00:22:41 (16897 turns).

Newt the Slicer (Demonspawn Gladiator)             Turns: 16897, Time: 00:22:42

Health: -20/102    AC: 13    Str: 23    XL:     13   Next: 0%
Magic:  21/23      EV: 16    Int: 22    God:    Gozag
Gold:   1975       SH: 12    Dex: 17    Spells: 22/25 levels left

rFire   . . .      SeeInvis .    q - +7 dagger of the Crypt {drain, rPois rCorr Int+3}
rCold   . . .      Faith    .    T - +3 kite shield
rNeg    . . .      Spirit   .    W - +0 scale mail {Will+}
rPois   +          Reflect  .    X - +1 hat {Int+3}
rElec   .          Harm     .    (cloak unavailable)
rCorr   +          Rampage  .    b - +0 pair of gloves
Will    ++...                    x - +0 pair of boots
Stlth   +.........               (no amulet)
HPRegen 0.27/turn                f - +6 ring of intelligence
MPRegen 0.18/turn                G - +6 ring of strength

@: mighty, agile, gold aura
A: demonic guardian 1, powered by pain 2, sharp scales 3, weakness stinger 3,
strong-willed 1, sense surroundings 1, robust 1
a: Renounce Religion, Potion Petition, Call Merchant, Bribe Branch


You were on level 14 of the Dungeon.
You worshipped Gozag.
Gozag was most pleased with you.
You visited 1 branch of the dungeon, and saw 14 of its levels.

You collected 2343 gold pieces.
You spent 192 gold pieces at shops.
You paid 176 gold pieces to Gozag.

Inventory:

Hand Weapons
 a - a +1 rapier
 q - the +7 dagger of the Crypt (weapon) {drain, rPois rCorr Int+3}
   (You took it off a goblin on level 2 of the Dungeon)

   A truly terrible weapon, it drains the life of any living foe it strikes.
   Int:       It affects your intelligence (+3).
   rPois:     It protects you from poison.
   rCorr:     It protects you from acid and corrosion.
Missiles
 d - 2 throwing nets
 e - 5 javelins
 M - 18 boomerangs (quivered)
Armour
 b - a +0 pair of gloves (worn)
 j - the +1 cloak of Starlight {*Dazzle EV+4 Stlth--}
   (You acquired it on level 2 of the Dungeon)

   It may blind those who miss an attack against the wearer in melee combat.
   EV:        It affects your evasion (+4).
   Stlth:     It makes you much less stealthy.
 u - a +0 leather armour of poison resistance
 x - a +0 pair of boots (worn)
 z - a scarf of resistance
 T - a +3 kite shield (worn)
 W - a +0 scale mail of willpower (worn)
 X - a +1 hat of intelligence (worn)
Jewellery
 f - a +6 ring of intelligence (left hand)
 m - a ring of positive energy
 G - a +6 ring of strength (right hand)
 L - a ring of ice
Wands
 o - a wand of polymorph (9)
 v - a wand of mindburst (22)
 J - a wand of charming (17)
 R - a wand of flame (37)
 V - a wand of quicksilver (5)
Scrolls
 c - a scroll of identify
 g - 3 scrolls of noise
 n - 3 scrolls of blinking
 A - 2 scrolls of teleportation
 C - 2 scrolls of fear
 F - 3 scrolls of enchant weapon
 I - a scroll of butterflies
 S - 2 scrolls of immolation
Potions
 i - 3 potions of lignification
 k - 5 potions of mutation
 r - 2 potions of invisibility
 s - 2 potions of haste
 w - a potion of berserk rage
 N - a potion of might
 O - 3 potions of flight
 P - 8 potions of curing
 Z - 3 potions of ambrosia


   Skills:
 - Level 6.0 Fighting
 - Level 10.0 Short Blades
 - Level 6.0 Throwing
 - Level 5.0 Armour
 - Level 6.0 Dodging
 - Level 2.0 Stealth
 - Level 4.0 Shields
 + Level 6.8 Spellcasting
 - Level 8.0 Ice Magic
 - Level 10.0 Evocations


You had 22 spell levels left.
You knew the following spells:

 Your Spells              Type           Power      Damage    Failure   Level
a - Frozen Ramparts       Ice            84%        1d13      7%          3

Your spell library contained the following spells:

 Spells                   Type           Power      Damage    Failure   Level
 Magic Dart               Conj           28%        1d4       52%         1
 Searing Ray              Conj           14%        2d5       67%         2
 Ice Form                 Ice/Tmut       25%        N/A       75%         4
 Summon Ice Beast         Ice/Summ       25%        N/A       75%         4
 Summon Guardian Golem    Hex/Summ       7%         N/A       88%         3
 Fulminant Prism          Conj/Hex       3%         3d6       99%         4
 Orb of Destruction       Conj           3%         9d5       100%        7
 Spellforged Servitor     Conj/Summ      3%         N/A       100%        7


Dungeon Overview and Level Annotations

Branches:
Dungeon (14/15)            Temple (0/1) D:7            Lair (0/5) D:8
    Orc (0/2) D:12
 Vaults: D:13-14

Altars:
Ashenzari
Gozag
Hepliaklqana
Nemelex Xobeh
Ru
Vehumet

Shops:
D:4 :   D:7 (!*[

Portals:
Ice
Cave: D:14


Innate Abilities, Weirdness & Mutations

A weak demonic guardian rushes to your aid.
You sometimes gain power by taking damage.
You are completely covered in razor-sharp scales. (AC +3, Slay +3)
You have a sharp stinger which inflicts weakening toxins.
You are strong-willed. (Will+)
You passively map a small area around you.
You are robust. (+10% HP)


Message History

You block the purple ugly thing's attack.
You puncture the white ugly thing! You drain the white ugly thing.
The white ugly thing is severely wounded.
You block the white ugly thing's attack.
The purple ugly thing headbutts you but does no damage.
You puncture the white ugly thing! You drain the white ugly thing.
Your tail-slap misses the white ugly thing.
The white ugly thing is almost dead.
You block the white ugly thing's attack.
You puncture the white ugly thing!
You kill the white ugly thing!
You block the purple ugly thing's attack.
You have reached level 13!
Your demonic ancestry asserts itself...
Your stinger grows larger and begins to produce weakening toxins.
The +1 cloak of Starlight {*Dazzle EV+4 Stlth--} falls away!
Unknown command.
You puncture the purple ugly thing!
The purple ugly thing is moderately wounded.
You block the purple ugly thing's attack.
You block the white ugly thing's attack.
You closely miss the purple ugly thing.
The purple ugly thing is lightly wounded.
You puncture the purple ugly thing!
The purple ugly thing is moderately wounded.
The purple ugly thing headbutts you but does no damage.
The white ugly thing bites you! The white ugly thing freezes you!!
* * * LOW HITPOINT WARNING * * *
A demonic guardian appears!
You focus on the pain.
You feel agile all of a sudden.
Aiming: Charm
Press: ? - help, Q - select action, (/) - cycle Shift-Dir - straight line, f - purple ugly thing
Aim: a purple ugly thing (moderately wounded, chance to affect: 54%)
The purple ugly thing resists with significant effort.
You block the purple ugly thing's attack.
The white ugly thing bites you.
* * * LOW HITPOINT WARNING * * *
The white ugly thing freezes you!!
You die...
Your body crumbles into a pile of gold.

#############+ #.... .
........$...# ,,......., , ,
########'##..#####...#...
..?.......####........... ,
..$.......# ,#.##....#...∩... ,..
.....###..# #.##...............?
..........#+##4......#... ...#...
...####..........u...............
...# #........$@u#....#.#.#.....
.#.# #...........+........u.u...
.#.# #...........#,#.......u.#..
...# #...........# ............
** #####...##### #.#.......... ,
,,#.#.#, ,,#........##u. , #...#
*,#........##.. + .....
#.#......##.. , , ........##..


You could see 2 ugly things and a friendly orange demon (summoned).

Vanquished Creatures
  Gastronok (D:9)
  2 hydras
  3 two-headed ogres
  4 boulder beetles
  3 centaur warriors (D:13)
  Sonja (D:13)
  A deep elf pyromancer (D:14)
  4 ugly things
  A cyclops (D:8)
  A manticore (D:14)
  2 unseen horrors
  3 gargoyles
  3 kobold demonologists (D:11)
  A komodo dragon (D:10)
  2 meliai
  2 trolls
  A polar bear (shapeshifter) (D:13)
  3 hornets
  A jumping spider (shapeshifter) (D:14)
  2 shadows (D:13)
  A centaur simulacrum (D:14)
  Sigmund (D:5)
  A wraith (D:11)
  21 yaks
  3 basilisks
  2 wyverns
  A hog (shapeshifter) (D:13)
  A redback (shapeshifter) (D:11)
  A steam dragon (D:6)
  3 vampire mosquitoes (D:13)
  3 water moccasins
  An acid dragon (D:14)
  8 orc warriors
  2 black bears
  A sky beast (D:6)
  An ogre (D:7)
  A kobold brigand (D:11)
  3 phantoms
  5 bullfrogs
  A gnoll sergeant (D:8)
  5 scorpions
  17 wights
  3 killer bees (D:8)
  5 electric eels
  3 howler monkeys
  5 hounds
  2 jellies (D:6)
  6 orc priests
  15 orc wizards
  12 adders
  5 gnolls
  2 shadow imps (D:6)
  3 white imps
  6 dart slugs
  70 orcs
  6 endoplasms
  2 giant cockroaches (D:1)
  6 goblins
  7 hobgoblins
  3 jackals (D:1)
  6 quokkas
  7 ball pythons
  3 bats
  7 frilled lizards
  11 kobolds
  6 rats
325 creatures vanquished.

Vanquished Creatures (collateral kills)
  An ugly thing (D:14)
  A shadow (D:12)
  A yak (D:12)
  An ogre (D:4)
  2 orcs
  A goblin (D:1)
  3 jackals (D:1)
10 creatures vanquished.

Vanquished Creatures (others)
  A vault guard (D:14)
  2 fungi (D:8)
  5 plants
8 creatures vanquished.

Grand Total: 343 creatures vanquished

Notes
Turn   | Place    | Note
-------+----------+-------------------------------------------
     0 | D:1      | Newt the Demonspawn Gladiator began the quest for the Orb.
     0 | D:1      | Reached XP level 1. HP: 16/16 MP: 1/1
    68 | D:1      | Reached skill level 1 in Stealth
   313 | D:1      | Gained mutation: A weak demonic guardian rushes to your
                  | aid. [demonic ancestry]
   313 | D:1      | Reached XP level 2. HP: 20/22 MP: 2/2
   479 | D:1      | Found a faded altar of an unknown god.
   521 | D:1      | Gained mutation: You have a small tail. [demonic ancestry]
   521 | D:1      | Reached XP level 3. HP: 10/28 MP: 3/3
  1005 | D:2      | Identified a scroll of acquirement
  1005 | D:2      | Acquired the +1 cloak of Starlight {*Dazzle EV+4 Stlth--}
  1005 | D:2      | Found the +1 cloak of Starlight {*Dazzle EV+4 Stlth--}
  1439 | D:3      | Reached XP level 4. HP: 11/37 MP: 4/4
  1828 | D:2      | Identified the +7 dagger of the Crypt {drain, rPois rCorr
                  | Int+3}
  1915 | D:2      | Gained mutation: You are partially covered in razor-sharp
                  | scales. (AC +1, Slay +1) [demonic ancestry]
  1915 | D:2      | Reached XP level 5. HP: 40/42 MP: 5/5
  2486 | D:3      | Gained mutation: You have hidden genetic potential. [potion
                  | of mutation]
  2486 | D:3      | Gained mutation: You are robust. (+10% HP) [potion of
                  | mutation]
  3193 | D:4      | Found Gamug's Book Shoppe.
  3329 | D:4      | Gained mutation: You have a tail ending in a sharp stinger.
                  | [demonic ancestry]
  3329 | D:4      | Reached XP level 6. HP: 27/52 MP: 6/6
  3972 | D:4      | Reached skill level 5 in Short Blades
  4237 | D:5      | Entered Level 5 of the Dungeon
  4237 | D:5      | Noticed a water moccasin
  4245 | D:4      | Killed a water moccasin
  4358 | D:5      | Reached skill level 1 in Evocations
  4365 | D:5      | Gained mutation: You are mostly covered in razor-sharp
                  | scales. (AC +2, Slay +2) [demonic ancestry]
  4365 | D:5      | Reached XP level 7. HP: 56/59 MP: 7/7
  4378 | D:5      | Gained mutation: You are strong-willed. (Will+) [hidden
                  | potential]
  4803 | D:5      | Noticed Sigmund
  4812 | D:5      | Killed Sigmund
  4813 | D:5      | Reached skill level 5 in Evocations
  4813 | D:5      | Reached skill level 1 in Ice Magic
  4992 | D:5      | Gained mutation: You sometimes gain a little power by
                  | taking damage. [demonic ancestry]
  4992 | D:5      | Reached XP level 8. HP: 61/66 MP: 8/8
  5138 | D:6      | Gained mutation: You passively map a small area around you.
                  | [hidden potential]
  5138 | D:6      | Lost mutation: You have hidden genetic potential. [hidden
                  | potential expressed]
  5699 | D:6      | Learned a level 3 spell: Frozen Ramparts
  5759 | D:6      | Reached skill level 5 in Fighting
  6011 | D:6      | Reached XP level 9. HP: 68/74 MP: 9/9
  6509 | D:7      | Found Soafan's Armour Shop.
  6513 | D:7      | Found Giufym Zuxa's Assorted Antiques.
  6515 | D:7      | Found Karatwets's Distillery.
  6520 | D:7      | Reached skill level 1 in Spellcasting
  6539 | D:7      | Found Miucviam's Weapon Shop.
  6574 | D:7      | Bought a potion of degeneration for 12 gold pieces
  6574 | D:7      | Bought a potion of heal wounds for 60 gold pieces
  6574 | D:7      | Bought a potion of might for 48 gold pieces
  6574 | D:7      | Bought a potion of flight for 36 gold pieces
  6574 | D:7      | Bought a potion of curing for 36 gold pieces
  6661 | D:7      | Found a broken altar of Ashenzari.
  6983 | D:7      | Reached skill level 5 in Spellcasting
  7697 | D:7      | Found a staircase to the Ecumenical Temple.
  7701 | D:7      | You fall into a shaft and drop 2 floors!
  7709 | D:9      | Found an opulent altar of Gozag.
  7722 | D:9      | Became a worshipper of Gozag Ym Sagoz the Greedy
  7735 | D:9      | Reached skill level 5 in Dodging
  7889 | D:9      | Found a hazy altar of Hepliaklqana.
  7944 | D:9      | Noticed Gastronok
  8261 | D:8      | Found a radiant altar of Vehumet.
  8316 | D:8      | Reached XP level 10. HP: 74/83 MP: 17/17
  8408 | D:8      | Reached skill level 1 in Armour
  8718 | D:8      | Found a sacrificial altar of Ru.
  8820 | D:8      | Found a staircase to the Lair.
  8997 | D:8      | Noticed a cyclops
  9007 | D:8      | Killed a cyclops
  9499 | D:9      | Killed Gastronok
  9500 | D:9      | Reached skill level 5 in Armour
  9766 | D:9      | Found a sparkling altar of Nemelex Xobeh.
 10690 | D:10     | Entered Level 10 of the Dungeon
 10737 | D:10     | Noticed a two-headed ogre
 10748 | D:10     | Killed a two-headed ogre
 10817 | D:10     | Gained mutation: You are completely covered in razor-sharp
                  | scales. (AC +3, Slay +3) [demonic ancestry]
 10817 | D:10     | Reached XP level 11. HP: 76/89 MP: 18/18
 10893 | D:10     | Identified the +3 leather armour of Teyll {Int+2}
 10946 | D:10     | Noticed a four-headed hydra
 10957 | D:10     | Killed a four-headed hydra
 12372 | D:11     | Noticed a six-headed hydra
 12381 | D:11     | Killed a six-headed hydra
 12992 | D:12     | Reached skill level 10 in Short Blades
 13496 | D:12     | Noticed a boulder beetle
 13516 | D:12     | Killed a boulder beetle
 13649 | D:12     | Found a staircase to the Orcish Mines.
 14008 | D:12     | Gained mutation: You sometimes gain power by taking damage.
                  | [demonic ancestry]
 14008 | D:12     | Reached XP level 12. HP: 78/96 MP: 19/19
 14031 | D:12     | Reached skill level 5 in Throwing
 14258 | D:12     | Noticed a two-headed ogre
 14270 | D:12     | Killed a two-headed ogre
 14595 | D:13     | Noticed a centaur warrior
 15104 | D:13     | Noticed a boulder beetle
 15130 | D:13     | Killed a boulder beetle
 15148 | D:13     | Noticed a centaur warrior
 15156 | D:13     | Killed a centaur warrior
 15173 | D:13     | Killed a centaur warrior
 15546 | D:13     | Noticed a two-headed ogre
 15546 | D:13     | Noticed a centaur warrior
 15558 | D:13     | Killed a two-headed ogre
 15571 | D:13     | Killed a centaur warrior
 15849 | D:13     | Noticed Sonja
 15860 | D:13     | Killed Sonja
 16016 | D:13     | Noticed a boulder beetle
 16037 | D:13     | Killed a boulder beetle
 16278 | D:14     | Killed a vault guard
 16317 | D:14     | Reached skill level 10 in Evocations
 16435 | D:14     | Noticed a boulder beetle
 16459 | D:14     | Killed a boulder beetle
 16482 | D:14     | Found a frozen archway.
 16501 | D:14     | HP: 2/96 [white ugly thing (23)]
 16894 | D:14     | Gained mutation: You have a sharp stinger which inflicts
                  | weakening toxins. [demonic ancestry]
 16894 | D:14     | Reached XP level 13. HP: 48/102 MP: 21/23
 16897 | D:14     | Demolished by a white ugly thing

Illustrated notes

Levels and vault maps discovered:
D:1:      dpeg_arrival_round_c, layout_loops_ring,
          chequers_ecumenical_altar_simple
D:2:      layout_basic, minmay_pentomino_pile
D:3:      layout_rooms, hex_tiny, st_stairs_2
D:4:      layout_basic, nicolae_elyvilon_peaceful_grove, serial_shops, shop
D:5:      layout_loops_cross, uniq_sigmund
D:6:      layout_basic
D:7:      layout_rooms, ashenzari_altar_1, minmay_temple_entry_ruins,
          serial_bayou_ford_a, minmay_shop_grid_forest
D:8:      layout_basic, old_standard_altar, vehumet_altar_wand_db,
          grunt_lair_entry_orc_guard_hut, minmay_crystal_water, minivault_22,
          minmay_three_doors
D:9:      layout_gridville, mainiacjoe_overflow_24_doors,
          mainiacjoe_overflow_tiny_flanked, mainiacjoe_overflow_catch_the_wave,
          uniq_gastronok
D:10:     layout_loops_ring, nicolae_overflow_crystal_walls, st_stairs_12
D:11:     layout_cave_pools
D:12:     layout_roguey, hiddenorc2_lemuel
D:13:     layout_roguey, minmay_strange_pillars, uniq_sonja
D:14:     layout_stronghold, ximxim_vaults_locker_room,
          portal_ice_cave_entry_ugly_swarm, minmay_misc_feat_plants

Skill      XL: |  1  2  3  4  5  6  7  8  9 10 11 12 |
---------------+-------------------------------------+-----
Stealth        | 1 2 |  2.0
Fighting       | 3 4 5 6 |  6.0
Short Blades   | 3 4 6 10 | 10.0
Evocations     | 2 5 10 | 10.0
Ice Magic      | 2 4 7 8 |  8.0
Shields        | 4 |  4.0
Spellcasting   | 5 6 |  6.8
Dodging        | 6 |  6.0
Armour         | 5 |  5.0
Throwing       | 4 6 |  6.0

Action                   |  1- 3 |  4- 6 |  7- 9 | 10-12 | 13-15 || total
-------------------------+-------+-------+-------+-------+-------++-------
Melee: Rapier            |   110 |    32 |       |       |       ||   142
       Tailslap          |     5 |     9 |    41 |   161 |       ||   216
       Dagger            |       |    82 |   273 |   740 |     3 ||  1098
       Punch             |       |     2 |       |       |       ||     2
Throw: Boomerang         |       |       |     3 |    29 |       ||    32
       Throwing net      |       |       |       |     5 |       ||     5
       Javelin           |       |       |       |     1 |       ||     1
 Cast: Frozen Ramparts   |       |       |       |     2 |       ||     2
Evoke: Wand              |       |       |       |     4 |     1 ||     5
  Use: Scroll            |     3 |     8 |     1 |    15 |       ||    27
       Potion            |       |     1 |       |     5 |       ||     6
 Stab: Sleeping          |     3 |       |       |       |       ||     3
       Invisible         |     2 |     5 |    10 |    19 |       ||    36
       Distracted        |       |       |       |     2 |       ||     2
       Held in net/web   |       |       |       |     2 |       ||     2
Armor: Leather armour    |    23 |     7 |    41 |     6 |       ||    77
       Scale mail        |    12 |     8 |       |   188 |     1 ||   209
Dodge: Dodged            |   113 |    79 |   139 |   340 |       ||   671
Block: Kite shield       |       |       |    61 |   312 |     3 ||   376

Table legend: (Time is in decaauts)
 A = Elapsed time spent in this place.
 B = Non-inter-level travel time spent in this place.
 C = Inter-level travel time spent in this place.
 D = Time resting spent in this place.
 E = Time spent auto-exploring this place.
 F = Levels seen in this place.
 G = Mean time per level.
                   A        B        C        D        E       F      G
               +--------+--------+--------+--------+--------+-----+--------+
         Total |  16676 |  16335 |    341 |   4264 |   9697 |  14 | 1191.1 |
       Dungeon |  16676 |  16335 |    341 |   4264 |   9697 |  14 | 1191.1 |
               +--------+--------+--------+--------+--------+-----+--------+

Top non-repeatable levels by time:
    D:13: 1822 daAuts
     D:8: 1774 daAuts
    D:12: 1548 daAuts
     D:4: 1511 daAuts
     D:9: 1468 daAuts
     D:6: 1443 daAuts
    D:11: 1159 daAuts
    D:10: 1077 daAuts
     D:1: 1023 daAuts
     D:2: 1021 daAuts
     D:7: 930 daAuts
     D:3: 786 daAuts
     D:5: 681 daAuts
    D:14: 427 daAuts
